 Dungeon Crawl Stone Soup version 0.30-a0-283-gf371ce1921 (webtiles) character file.

Game seed: 6741645644230213514

396 Bnni the Covert (level 6, -6/64 HPs)
             Began as an Octopode Brigand on Oct 17, 2022.
             Was an Initiate of Ashenzari.
             Killed from afar by an orc wizard (10 damage)
             ... with a magic dart
             ... on level 4 of the Dungeon.
             The game lasted 00:07:16 (2837 turns).

Bnni the Covert (Octopode Brigand)                  Turns: 2837, Time: 00:07:17

Health: -6/64      AC: 23    Str: 10    XL:     6   Next: 83%
Magic:  6/6        EV:  2    Int: 14    God:    Ashenzari [......]
Gold:   11         SH:  0    Dex: 15    Spells: 5/5 levels left

rFire   . . .      SeeInvis .    a - +2 dagger
rCold   + . .      Faith    .    (no shield)
rNeg    . . .      Spirit   .    (helmet currently unavailable)
rPois   +          Reflect  .    (no amulet)
rElec   .          Harm     .    r - ring "Share My Water Diviner" {rPois, Self, Fort} (curse)
rCorr   .          Rampage  .    u - ring of protection from cold
Will    .....      NoTele   +    (no ring)
Stlth   ++++......               (no ring)
HPRegen 0.30/turn                (no ring)
MPRegen 0.10/turn                (no ring)
                                 (no ring)
                                 (no ring)

@: tree-form
A: stationary, stasis, torment immunity, boosted hp, almost no armour,
(amphibious), 8 rings, (camouflage 1), (gelatinous body 1), (nimble swimmer 1),
(tentacles)
a: Renounce Religion, Shatter the Chains


You were on level 4 of the Dungeon.
You worshipped Ashenzari.
Ashenzari was noncommittal.
You were a tree.
You visited 2 branches of the dungeon, and saw 5 of its levels.

You collected 141 gold pieces.
You spent 130 gold pieces at shops.

Inventory:

Hand Weapons
 a - a +2 dagger (weapon)
Missiles
 b - 9 poisoned darts (quivered)
 c - 3 curare-tipped darts
 x - a throwing net
Jewellery
 r - the cursed ring "Share My Water Diviner" (left branch) {rPois, Self, Fort}
   (You found it on level 2 of the Dungeon)

   [ring of poison resistance]

   rPois:     It protects you from poison.
   It has a curse which improves the following skills: Introspection: Fighting
   and Spellcasting.
   Fortitude: Shields.
 u - a ring of protection from cold (right branch)
Wands
 e - a wand of flame (12)
Scrolls
 d - a scroll of butterflies
 g - 3 scrolls of magic mapping
 h - a scroll of enchant armour {unknown}
 n - 2 scrolls of immolation {unknown}
 o - a scroll of teleportation {unknown}
 p - 3 scrolls of identify {unknown}
 v - a scroll of vulnerability {unknown}
Potions
 f - 2 potions of resistance {unknown}
 i - 2 potions of attraction {unknown}
 j - a potion of ambrosia {unknown}
 k - 2 potions of lignification
 l - 2 potions of brilliance {unknown}
 m - a potion of flight {unknown}
 s - a potion of magic {unknown}
 t - 2 potions of curing {unknown}
 w - 2 potions of haste {unknown}


   Skills:
 + Level 3.5(3.9) Fighting
 * Level 4.6 Short Blades
 - Level 2.0 Throwing
 - Level 1.0 Dodging
 * Level 8.2 Stealth


You had 5 spell levels left.
You didn't know any spells.
Your spell library was empty.

Dungeon Overview and Level Annotations

Branches:
Dungeon (4/15)             Temple (1/1) D:4

Altars:
Ashenzari
Cheibriados
Dithmenos
Elyvilon
Fedhas
Gozag
Hepliaklqana
Kikubaaqudgha
Makhleb
Nemelex Xobeh
Okawaru
Ru
Sif Muna
Trog
Uskayaw
Vehumet
Wu Jian
Xom
Yredelemnul
Zin
The Shining One

Shops:
D:3 *


Innate Abilities, Weirdness & Mutations

You are a tree.
Your roots penetrate the ground, keeping you stationary.
You cannot be teleported.
You are immune to unholy pain and torment.
Your maximum health is greatly increased.
You cannot wear most types of armour.
((You are amphibious.))
You can wear up to eight rings at the same time.
((Your skin changes colour to match your surroundings (Stealth+).))
((Your rubbery body absorbs attacks. (AC +1, EV +1)))
((You are camouflaged when in or above water. (Stealth+)))
((You have tentacles for arms and can constrict up to eight enemies at once.))


Message History

You hit something.
You hear some strange, mumbled words.
A magic dart appears from out of thin air!
The magic dart hits you!
You hit something but do no damage.
You hear some strange, mumbled words.
A puff of flame appears from out of thin air!
The puff of flame hits you.
* * * LOW HITPOINT WARNING * * *
Aiming: Throw Flame
Press: ? - help, Shift-Dir - straight line, f - worm
Aim: a worm (89% to hit)
The puff of flame hits the worm.
The worm is moderately wounded.
You hear some strange, mumbled words.
Something tries to affect you, but you resist.
You miss something. Your squeeze misses something. You miss something.
Something hits you.
* * * LOW HITPOINT WARNING * * *
You barely miss something. Something hits you.
* * * LOW HITPOINT WARNING * * *
Okay, then.
Okay, then.
It was a potion of lignification.
You turn into a tree.
Your roots penetrate the ground.
Something hits you but does no damage.
You cannot move.
You cannot move.
You cannot move.
You cannot move.
You cannot move.
You cannot move.
You closely miss something.
You hear some strange, mumbled words.
Something tries to affect you, but you resist.
You hit something. You hit something but do no damage.
You hear some strange, mumbled words.
A magic dart appears from out of thin air!
The magic dart hits you!
You die...

########## ...##...##
#.#.###.## #..## ##.##
###.#######.#
#.......###.#####
###.###......♣{w#######
##.###.#.####s.......
##.#........))#####.
###...#######.# #.....#
.# # #.##### (# # #.#
.# # #.# .. # #<# ##


You could see a worm and a scorpion.

Vanquished Creatures
  Edmund (D:4)
  A scorpion (D:4)
  2 orc priests (D:4)
  Natasha (thrice) (D:2)
  Terence (D:2)
  A worm (D:2)
  3 orcs
  6 endoplasms
  3 giant cockroaches
  3 goblins
  4 hobgoblins
  3 jackals (D:1)
  4 quokkas
  8 ball pythons
  4 bats
  2 frilled lizards (D:1)
  9 kobolds
  6 rats
64 creatures vanquished.

Vanquished Creatures (others)
  8 plants (D:4)
8 creatures vanquished.

Grand Total: 72 creatures vanquished

Notes
Turn   | Place    | Note
-------+----------+-------------------------------------------
     0 | D:1      | Bnni the Octopode Brigand began the quest for the Orb.
     0 | D:1      | Reached XP level 1. HP: 14/14 MP: 1/1
   217 | D:1      | Reached XP level 2. HP: 18/19 MP: 2/2
   254 | D:1      | Found a faded altar of an unknown god.
   260 | D:1      | Prayed at the altar of an unknown god.
   260 | D:1      | Became a worshipper of Ashenzari the Shackled
   608 | D:1      | Reached XP level 3. HP: 24/24 MP: 3/3
   695 | D:2      | Noticed Terence
   699 | D:2      | Reached skill level 6 in Stealth
   709 | D:2      | HP: 1/25 [Terence/puff of flame (12)]
   714 | D:2      | Killed Terence
   813 | D:2      | Noticed Natasha
   823 | D:2      | Killed Natasha
   824 | D:2      | Reached XP level 4. HP: 30/30 MP: 4/4
   945 | D:2      | Noticed Natasha
   952 | D:2      | Killed Natasha
  1048 | D:2      | Reached XP level 5. HP: 36/36 MP: 5/5
  1137 | D:2      | Noticed Natasha
  1145 | D:2      | Killed Natasha
  1151 | D:2      | Reached skill level 7 in Stealth
  1660 | D:3      | Found Ziatuv's Assorted Antiques.
  2071 | D:3      | Bought a marble ring for 130 gold pieces
  2114 | D:4      | Found a staircase to the Ecumenical Temple.
  2122 | Temple   | Entered the Ecumenical Temple
  2500 | D:4      | Reached XP level 6. HP: 42/42 MP: 6/6
  2521 | D:4      | Noticed Edmund
  2674 | D:4      | Killed Edmund
  2800 | D:4      | Reached skill level 8 in Stealth
  2826 | D:4      | HP: 2/43 [something/puff of flame (7)]
  2833 | D:4      | HP: 2/43 [something (3)]
  2837 | D:4      | Killed from afar by an orc wizard

Illustrated notes

Levels and vault maps discovered:
D:1:      lightli_arrival_noodles, layout_loops_cross,
          shapermc_ecumenical_altar_petra, hangedman_decor_lopped,
          dk_noncrumbling_4
D:2:      layout_loops_ring, kennysheep_generic_room_2, uniq_natasha,
          uniq_terence
D:3:      layout_basic, serial_shops, nicolae_shop_behind_doors
D:4:      minmay_diamond_boxcup, layout_loops_ring,
          minmay_temple_entry_junction, serial_shops, nicolae_take_the_stairs,
          serial_bayou_pond_c, hangedman_glass_teeth, uniq_eustachio,
          uniq_edmund, uniq_sigmund
Temple:   minmay_crystal_snake_temple

Skill      XL: |  1  2  3  4  5  6 |
---------------+-------------------+-----
Stealth        | 6 7 8 |  8.2
Short Blades   | 3 4 |  4.6
Fighting       | 3 |  3.5
Throwing       | |  2.0
Dodging        | |  1.0

Action                   |  1- 3 |  4- 6 || total
-------------------------+-------+-------++-------
Melee: Dagger            |    56 |    91 ||   147
       Constrict         |    14 |     8 ||    22
       Tentacles         |    11 |    17 ||    28
       Punch             |     1 |       ||     1
Throw: Throwing net      |     1 |     1 ||     2
Invok: Curse Item        |       |     1 ||     1
Evoke: Wand              |       |     1 ||     1
  Use: Potion            |     2 |     2 ||     4
       Scroll            |     2 |       ||     2
 Stab: Sleeping          |     7 |    16 ||    23
       Held in net/web   |     1 |     2 ||     3
       Distracted        |       |     1 ||     1
Armor: Skin              |     7 |     3 ||    10
Dodge: Dodged            |    24 |    30 ||    54

Table legend: (Time is in decaauts)
 A = Elapsed time spent in this place.
 B = Non-inter-level travel time spent in this place.
 C = Inter-level travel time spent in this place.
 D = Time resting spent in this place.
 E = Time spent auto-exploring this place.
 F = Levels seen in this place.
 G = Mean time per level.
                   A        B        C        D        E       F      G
               +--------+--------+--------+--------+--------+-----+--------+
         Total |   2822 |   2600 |    222 |     80 |   1941 |   5 |  564.4 |
       Dungeon |   2627 |   2441 |    186 |     80 |   1801 |   4 |  656.8 |
        Temple |    194 |    158 |     36 |      0 |    140 |   1 |  194.0 |
               +--------+--------+--------+--------+--------+-----+--------+

Top non-repeatable levels by time:
     D:2: 837 daAuts
     D:1: 676 daAuts
     D:3: 645 daAuts
     D:4: 467 daAuts
  Temple: 194 daAuts
